[Event "*** Titled Tuesday Blitz"]
[Site "Chess.com"]
[Date "2020.04.21"]
[Round "2"]
[White "TheRigos"]
[Black "Gajuchess"]
[Result "1-0"]
[WhiteElo "2525"]
[BlackElo "2722"]
[TimeControl "180+1"]
[EndTime "10:20:02 PDT"]
[Termination "TheRigos won on time"]

1. e4 c5 2. Nf3 d6 3. d4 cxd4 4.
Qxd4 Nc6 5. Bb5 e6 6. Nc3 Ne7 7. Bg5 f6 8. Bh4 Ng6 9. Bg3 a6 10. Bxc6+ bxc6 11. O-O-O e5 12. Qc4 Qb6 13. h4 Be7 14. Nd2 Nf8 15. Qa4 Rb8 16. Nc4 Qb7 17. Rxd6 Bd7 18. b3 Ne6 19. Rhd1 Nc5 20. Qa5 Qa7 21. f3 Bxd6 22. Nxd6+ Ke7 23. Kb1 Ne6 24. Nf5+ Kf7 25. Bf2 c5 26. Nd5 Rhd8 27. h5 Kg8 28. h6 gxh6 29. Nxf6+ Kf7 30. Nd5 Bc6 31. Nxh6+ Kf8 32.
Nf5 Bxd5 33. exd5 Nd4 34. Bxd4 exd4 35. Qd2 Rb6 36. Qf4 Qf7 37. Re1 Rxd5 38. g4 d3 39.
cxd3 Rxd3 40. Qe5 Rbxb3+ 41. Ka1 Re3 42. Qh8+ Qg8 43. Qxg8+ Kxg8 44. Rxe3 Rb4 45. Ne7+ Kg7 46. Nd5 Rc4 47. Ne7 Kf7 48. Nf5 Rf4 49. Kb2 a5 50.
Kc3 h5 51. Re4 Rxf3+ 52. Kc4 hxg4 53. Nd6+ Kf6 54. Rxg4 Ra3 55. Rg2 Ke5 56. Nb5 Ra4+ 57. Kxc5 Rb4 58. Re2+ Kf6 59. Nc3 Rb8 60. Nb5 Kf5 61.
a4 Kf6 62. Rd2 Ke6 63. Rd6+ Ke5 64. Rb6 Rc8+ 65. Rc6 Rh8 66. Kb6 Rh4 67. Kxa5 Kd5 68. Rc8 Rh6 69. Rd8+ Kc5 70. Rd1 Rh4 71. Rc1+ Kd5 72.
Nc7+ Kd6 73. Na6 Rh5+ 74. Kb6 Rh2 75. Rd1+ Ke6 76. a5 Rb2+ 77. Kc5 Rb5+ 78. Kxb5 1-0

[Event "*** Titled Tuesday Blitz"]
[Site "Chess.com"]
[Date "2020.04.21"]
[Round "2"]
[White "lifeissofun"]
[Black "RaphaeI"]
[Result "0-1"]
[WhiteElo "2274"]
[BlackElo "2636"]
[TimeControl "180+1"]
[EndTime "10:20:02 PDT"]
[Termination "RaphaeI won on time"]

1. e4 c5 2. Nf3 d6 3. d4 cxd4 4. Nxd4 Nf6 5. Nc3 a6 6. h3 e5 7.
Nb3 Be7 8. f4 Nc6 9. Be3 exf4 10. Bxf4 Be6 11. Qe2 Rc8 12. O-O-O Nb4 13. Kb1 Qb6 14.
Qe3 Qxe3 15. Bxe3 d5 16. exd5 Nfxd5 17. Bd4 O-O 18. a3 Nxc3+ 19. Bxc3 Nd5 20. Bd4 Rfd8 21. Be2 Bf5 22. Bd3 Bxd3 23. Rxd3 Nf4 24. Rf3 Ne6 25.
Be3 Bf6 26. Rhf1 Rd5 27. Rf5 Rcd8 28. Kc1 b5 29. Rxd5 Rxd5 30. c3 Rd3 31. Bf2 h5 32. Kc2 Rd5 33. Rd1 Rxd1 34. Kxd1 Nf4 35. Nc5 a5 36.
Nb7 Nd3 37. Bd4 Nxb2+ 38. Kc2 Bxd4 39. cxd4 Nc4 40. d5 Kf8 41. Kd3 Ke8 42. Kd4 Nxa3 43.
Nxa5 Kd7 44. Kc5 Nc2 45. Nc6 Ne3 46. Ne5+ Ke8 47. g3 b4 48. d6 b3 49. d7+ Ke7 50. Kc6 Nf5 51. Kc7 b2 52. Nc6+ Ke6 53. d8=Q b1=Q 54. Qd7+ Kf6 55. Qd8+ Kg6 56. g4 hxg4 57. hxg4 Nh6 58. Ne7+ Kg5 59. Nd5+ Kxg4 60. Ne3+ Kf3 61.
Nc4 Qc2 62. Qd5+ Ke2 63. Qe5+ Kd1 64. Qd4+ Ke1 65. Qe3+ Qe2 66. Qc1+ Kf2 67. Qf4+ Qf3 68. Qd2+ Kg3 69. Qg5+ Ng4 70. Qxg7 Qf4+ 71. Nd6 f6 72. Qd7 Qe5 73. Qc6 Ne3 74. Qc4 Nxc4 75. Kc6 Qxd6+ 0-1

[Event "*** Titled Tuesday Blitz"]
[Site "Chess.com"]
[Date "2020.04.21"]
[Round "2"]
[White "tan275"]
[Black "keepitcool9499"]
[Result "1/2-1/2"]
[WhiteElo "2152"]
[BlackElo "2409"]
[TimeControl "180+1"]
[EndTime "10:20:08 PDT"]
[Termination "Game drawn by repetition"]

1. d4 Nf6 2. c4 e6 3. g3 d5 4.
Nf3 Be7 5. Bg2 O-O 6. O-O Nbd7 7.
Qc2 b6 8. cxd5 exd5 9. Nc3 Bb7 10. Bf4 c5 11. dxc5 Nxc5 12. Rfd1 Rc8 13. Nd4 Bd6 14.
Bg5 h6 15. Bxf6 Qxf6 16. Qd2 Be5 17. e3 Ne4 18. Nxe4 dxe4 19. Rac1 Rfd8 20. Rxc8 Rxc8 21. Nb5 a5 22. b3 Rc5 23. a4 Qc6 24. h4 Rd5 25.
Qxd5 Qxd5 26. Rxd5 Bxd5 27. Kf1 Bxb3 28. Bxe4 Bxa4 29. Bd3 Bb3 30. Ke2 a4 31. Kd2 Bb2 32. Bc2 Bc4 33. Bxa4 Kf8 34. e4 Ke7 35. Ke3 g5 36. Nd4 Bxd4+ 37. Kxd4 b5 38. Bc2 Ke6 39. hxg5 hxg5 40. f4 gxf4 41. gxf4 Ba2 42. f5+ Kd6 43. e5+ Kc6 44. Be4+ Kb6 45. Kc3 Kc5 46. Bd3 b4+ 47. Kb2 Bd5 48. e6 f6 49. Be2 Kd6 50. Bg4 Ke5 51.
Bh3 Bc6 52. Bg4 Kf4 53. Bh3 Kg3 54. Bf1 Ba4 55. Bd3 Kf3 56. Bc2 Be8 57. Bb3 Kf4 58.
Bc2 Ke5 59. Bb1 Ba4 60. Bc2 Bc6 61. Bb1 Kd6 62. Bc2 Kc5 63. Bb1 Bd5 64. Bc2 Bc6 65.
Bb1 Kd4 66. Bc2 Ke3 67. Bb1 Kd4 68. Bc2 Ke5 69. Kb3 Kd6 70. Kxb4 Ke7 71. Kc5 Ba8 72.
Bd3 Bg2 73. Kd4 Bh3 74. Ke3 Bg4 75. Kf4 Bd1 76. Kg3 Ba4 77. Kh4 Bc6 78. Kh5 Bb7 79.
Kh6 Bc6 80. Kg7 Ba4 81. Be4 Bd1 82. Bb1 Be2 83. Be4 Bd1 84. Bb1 Bf3 85. Bd3 Bd1 86. Bb1 1/2-1/2

[Event "*** Titled Tuesday Blitz"]
[Site "Chess.com"]
[Date "2020.04.21"]
[Round "2"]
[White "Arman_Hakemi"]
[Black "Alexander_Moskalenko"]
[Result "0-1"]
[WhiteElo "2595"]
[BlackElo "2904"]
[TimeControl "180+1"]
[EndTime "10:20:14 PDT"]
[Termination "Alexander_Moskalenko won by resignation"]

1. b4 Nf6 2. Bb2 g6 3. g3 Bg7 4. Bg2 O-O 5. c4 d6 6. d4 Bf5 7. e3 Qc8 8. Nc3 c6 9. Nf3 Bh3 10. O-O Bxg2 11. Kxg2 Nbd7 12. a4 Nb6 13. Qb3 d5 14.
Nd2 Qe6 15. c5 Nc4 16. Nxc4 dxc4 17. Qc2 Nd5 18. b5 Nb4 19. Qe2 Nd3 20. Ba3 b6 21. cxb6 axb6 22. Rab1 cxb5 23. Rxb5 Rxa4 24. Nxa4 Qc6+ 25. Kg1 Qxb5 26. Qc2 Ra8 27. Nc3 Qd7 28. Ra1 b5 29. Bb2 Rxa1+ 30. Bxa1 b4 31. Ne4 Qb5 32.
Nd2 b3 33. Qxc4 Qf5 34. f3 b2 35. Bxb2 Nxb2 36. Qb3 Qd3 37. Qxb2 Qxe3+ 38. Kg2 Bxd4 39. Qb8+ Kg7 40. Ne4 Qe2+ 41. Kh3 Qxf3 42. Qf4 Qxf4 43. gxf4 Be3 44. Kg4 Bc1 45. Kf3 e6 46. Nf2 Ba3 47. Nd3 Be7 48. h3 f5 49. Ne5 Bd6 50. Nd7 Kf7 51. Nb6 Bc7 52. Nc4 Kf6 53. h4 Kg7 54. Nd2 Kh6 55. Kg3 Bd6 56. Nc4 Bb8 57. Nd2 Bc7 58.
Nc4 Kh5 59. Nd2 Ba5 60. Nc4 Be1+ 61. Kh3 Bxh4 62. Ne5 Bf6 63. Nf3 Kh6 64. Kg3 Kg7 65.
Kf2 h6 66. Ke3 g5 67. Ne1 Kf7 68. Ng2 e5 69. fxe5 Bxe5 70. Kf3 Kf6 71. Ne3 h5 72.
Kg2 g4 73. Kf2 h4 74. Nf1 Kg5 75. Kg1 h3 76. Kh1 Kh4 77. Kg1 f4 78. Nd2 Bd4+ 79. Kh1 Kh5 80. Kh2 Be3 81. Nf1 Kh4 82. Kh1 Bd4 83.
Ng3 Ba7 84. Nf5+ Kg5 85. Ng3 Bb8 86. Ne4+ Kg6 87. Nf2 Kh5 88. Kh2 g3+ 89. Kxh3 gxf2 90. Kg2 Kg5 91. Kf1 Kg4 92. Kxf2 f3 93. Kf1 Kg3 0-1

[Event "*** Titled Tuesday Blitz"]
[Site "Chess.com"]
[Date "2020.04.21"]
[Round "2"]
[White "donotreadit"]
[Black "MeetGoku"]
[Result "1-0"]
[WhiteElo "2676"]
[BlackElo "2327"]
[TimeControl "180+1"]
[EndTime "10:20:18 PDT"]
[Termination "donotreadit won on time"]

1. Nf3 Nf6 2. d4 g6 3. Bg5 Bg7 4. Nbd2 O-O 5. e4 d5 6. Bd3 dxe4 7. Nxe4 Nxe4 8. Bxe4 c6 9. O-O Bg4 10. c3 Nd7 11. h3 Bxf3 12. Bxf3 Re8 13. Re1 Nf6 14. Qb3 Qb6 15. Rad1 e6 16. g3 Nd5 17. Bc1 Qxb3 18. axb3 a5 19. Rd3 a4 20. b4 Rad8 21.
Bd1 b5 22. Bf3 Rd6 23. h4 h5 24. Bg5 Ra8 25. Bc1 Bf6 26. Kg2 Rad8 27. Rdd1 Ra8 28.
Rd3 Kf8 29. Re2 Ke7 30. Kh3 Kd7 31. Bg2 Kc7 32. Rf3 Rd7 33. Rd3 Kb7 34. Rf3 Bg7 35.
Kh2 Nb6 36. Rd3 Nd5 37. Be4 Nb6 38. f3 f5 39. Bxc6+ Kxc6 40. Rxe6+ Rd6 41. Re7 Bf6 42. Re2 Ra7 43. Bf4 Re7 44. Rxe7 Bxe7 45. Bxd6 Bxd6 46. Rd2 Nc4 47. Re2 Kd5 48. Kg2 f4 49. g4 Ne3+ 50. Kh3 Kc4 51. gxh5 gxh5 52. Kh2 Kd3 53. Rf2 Be7 54. Kh3 Bd6 55. d5 Nxd5 56. Rg2 Ne3 57. Rg5 Kc4 58. Rxh5 Nd1 59. Rh6 Be7 60. Re6 Bd8 61. h5 Bg5 62. Rg6 Nxb2 63. Rxg5 a3 64.
Rg1 Nd3 65. h6 Ne5 66. h7 Nf7 67. Kg4 Kxc3 68. Kxf4 Kb2 69. Kf5 a2 70. Kf6 Nh8 71.
Kg7 a1=Q 72. Rxa1 Kxa1 73. Kxh8 Kb2 74. Kg8 Kb3 75. h8=Q Kxb4 76. Qe5 1-0

[Event "*** Titled Tuesday Blitz"]
[Site "Chess.com"]
[Date "2020.04.21"]
[Round "2"]
[White "Karacsonyi_Gellert"]
[Black "Larina_Marija"]
[Result "0-1"]
[WhiteElo "2484"]
[BlackElo "2293"]
[TimeControl "180+1"]
[EndTime "10:20:21 PDT"]
[Termination "Larina_Marija won on time"]

1. e4 d5 2. exd5 Qxd5 3. Nc3 Qa5 4. d4 Nf6 5. Nf3 Bf5 6. Bd2 c6 7. Bc4 e6 8. O-O Nbd7 9. Bb3 Qc7 10. Qe2 Be7 11.
Rfe1 h6 12. Rad1 O-O 13. Ne5 Nxe5 14. dxe5 Nd5 15. Rc1 Nxc3 16. Bxc3 b5 17. a3 a5 18. Rcd1 a4 19. Ba2 Rad8 20. Bd4 c5 21. Be3 Qxe5 22. Rxd8 Rxd8 23. Qxb5 Bxc2 24. Bd2 Rb8 25. Qd7 Qd6 26. Qxd6 Bxd6 27. Bc3 Bf4 28. g3 Bg5 29. f4 Bf6 30. Rc1 Bxc3 31. bxc3 Rb2 32. Bc4 Bb3 33.
Bd3 Bd5 34. c4 Rg2+ 35. Kf1 Rxh2 36. Rc3 Bc6 37. Bc2 Kf8 38. Ke1 Ke7 39. Kd1 Rh1+ 40.
Kd2 Ra1 41. Re3 Rg1 42. f5 Kd6 43. fxe6 fxe6 44. Rd3+ Ke7 45. Re3 g5 46. Bf5 Bd7 47.
g4 Kd6 48. Rd3+ Kc7 49. Bg6 Rxg4 50. Rf3 Rxc4 51. Rf7 Rd4+ 52. Kc3 Kd6 53. Rh7 Bc6 54. Rxh6 Rh4 55. Bh5 Bf3 56. Rh8 Rxh5 57. Rd8+ Ke5 58. Rc8 Rh3 59. Rxc5+ Bd5+ 60. Kb4 Rb3+ 61. Kxa4 Rb1 62.
Rc3 Kd4 63. Rg3 Bc6+ 64. Ka5 Rb5+ 65. Ka6 Rb2 66. Rxg5 e5 67. Rg6 Bd5 68. a4 e4 69.
Rg4 Rb4 70. a5 Kd3 71. Ka7 Rb5 72. a6 Rc5 73. Kb6 Rc6+ 74. Kb5 Rc8 75. a7 Ba8 76.
Rg7 e3 77. Rd7+ Kc2 78. Kb6 e2 79. Re7 Kd1 80. Rd7+ Ke1 81. Rh7 Kf2 82. Rf7+ Bf3 83. a8=Q Rxa8 84. Re7 Ra1 85. Kc5 Rd1 0-1

[Event "*** Titled Tuesday Blitz"]
[Site "Chess.com"]
[Date "2020.04.21"]
[Round "2"]
[White "Sychev_Klementy"]
[Black "Willychess95"]
[Result "1-0"]
[WhiteElo "2861"]
[BlackElo "2581"]
[TimeControl "180+1"]
[EndTime "10:20:27 PDT"]
[Termination "Sychev_Klementy won by resignation"]

1. e4 c5 2. Nf3 d6 3. d4 cxd4 4. Nxd4 Nf6 5. Nc3 g6 6. Be3 a6 7. f3 b5 8. Qd2 Bb7 9. a4 b4 10. Na2 e5 11. Nb3 d5 12. Nxb4 dxe4 13. Qxd8+ Kxd8 14. O-O-O+ Kc7 15. Nc5 exf3 16. Nxb7 Kxb7 17. Nd5 Ng4 18.
gxf3 Nxe3 19. Nxe3 Bh6 20. Re1 Nc6 21. Kb1 Nd4 22. Bg2 Bf4 23. Ng4 Nc6 24. Nf6 Rhd8 25. Re2 h5 26. c3 Rab8 27. Kc2 a5 28. Ne4 Kb6 29. Nf2 f5 30. Nd3 Rbc8 31. Nxf4 Nd4+ 32.
Kb1 Nxe2 33. Nxe2 Rd2 34. Re1 Kc5 35. Kc1 Rcd8 36. Bf1 Kb6 37. h4 f4 38. Nd4 Rf2 39. Nb3 Rxf3 40. Nd2 Re3 41. Nc4+ Kc5 42. Nxe3 fxe3 43. Rxe3 Re8 44. Bd3 Re6 45. Be4 Rf6 46. Rg3 Rf4 47. Bxg6 Rxh4 48. Rg5 Kd6 49. Rxh5 Rxa4 50. Bc2 Rg4 51. b3 Rg3 52. Kd2 Rg2+ 53. Kc1 Rg3 54. Kb2 Rg2 55. Rh6+ Kc5 56. Rh4 Rg3 57.
Ra4 Kb6 58. Re4 Rg5 59. Kc1 Rg1+ 60. Kd2 Rg5 61. Kd3 Kc5 62. Re3 Rh5 63. Bd1 Rg5 64.
Be2 Kd5 65. Bf3+ Kc5 66. Be4 Rg1 67. Bf3 Rg5 68. Ke4 Kb5 69. Rd3 a4 70. Rd5+ Kb6 71. bxa4 Rg1 72. Rxe5 Ra1 73. a5+ Kc7 74. Kd4 Ra4+ 75.
Kd3 Ra3 76. Be2 Kd6 77. Rh5 Kc7 78. Kc4 Ra2 79. Bd3 Ra3 80. Kb4 Ra1 81. Rh7+ Kb8 82. a6 Ra2 83. Be4 Rxa6 84. c4 Rb6+ 85. Kc5 Re6 86. Bd5 Re1 87. Kd6 Rg1 88. Rh8+ Ka7 89.
Ra8+ Kb6 90. c5+ Kb5 91. Rb8+ Ka5 92. c6 Rg6+ 93. Kc5 Rg8 94. Rxg8 1-0

[Event "*** Titled Tuesday Blitz"]
[Site "Chess.com"]
[Date "2020.04.21"]
[Round "2"]
[White "NDePinEsPeRG"]
[Black "maximnovik"]
[Result "1-0"]
[WhiteElo "2871"]
[BlackElo "2455"]
[TimeControl "180+1"]
[EndTime "10:20:42 PDT"]
[Termination "NDePinEsPeRG won on time"]

1. e4 c6 2. Nf3 d5 3. Nc3 Bg4 4. h3 Bxf3 5. Qxf3 e6 6. g3 Nf6 7. d3 Be7 8. Bg2 d4 9. Nb1 c5 10. Qe2 e5 11. O-O Nc6 12. Nd2 O-O 13. f4 g6 14. Nf3 Nh5 15. Qf2 exf4 16. gxf4 f5 17. e5 Qd7 18. Bd2 Nd8 19. h4 h6 20. Ne1 Ne6 21.
Qf3 b6 22. Qd5 Rad8 23. Qxd7 Rxd7 24. Bc6 Rdd8 25. Ng2 Kf7 26. a4 a5 27. Ra3 c4 28.
Raa1 cxd3 29. cxd3 Nc5 30. Ra3 Ng7 31. Bb5 Nge6 32.
Kf2 Kg7 33. Bc4 Rc8 34. Ke2 Rfe8 35. Raa1 h5 36. Rh1 Kh7 37. b3 Bf8 38. Kf3 Bh6 39.
Kg3 Nd7 40. Rad1 Rc7 41. Ne1 Ndc5 42. Nf3 Ree7 43. Ra1 Re8 44. Rhb1 Ree7 45. Ng5+ Bxg5 46. hxg5 Kg7 47. Kf3 Nd8 48. b4 axb4 49. Rxb4 Nd7 50. Rb5 Nc6 51. Bd5 Na7 52. Rb2 Rc5 53. Bc4 Nc6 54. Rb5 Ndxe5+ 55. fxe5 Nxe5+ 56. Kf2 Nxc4 57. dxc4 Rxc4 58. Rxb6 d3 59. Re1 Rxe1 60. Kxe1 Rxa4 61. Bc3+ Kf7 62. Kd2 Rg4 63. Rf6+ Ke7 64. Rxg6 h4 65. Kxd3 h3 66. Bf6+ Ke6 67. Rh6 Rg3+ 68. Kd4 f4 69. Ke4 f3 70. Ke3 Kf5 71. Bd8 Kg4 72. g6 Kf5 73.
Bc7 Rxg6 74. Rxh3 Re6+ 75. Kxf3 Rc6 76. Bf4 Rc3+ 77. Be3 Rb3 78. Rh5+ Ke6 79. Ke4 Rb4+ 80. Bd4 Rb1 81. Rh6+ Ke7 82. Kd5 Rd1 83. Rh7+ Kd8 84.
Kc5 Ke8 85. Be5 Rd7 86. Rh6 Rd1 87. Bd6 Kd7 88. Bf4 Rc1+ 89. Bxc1 1-0

[Event "*** Titled Tuesday Blitz"]
[Site "Chess.com"]
[Date "2020.04.21"]
[Round "2"]
[White "LifeIsAllAboutChess23"]
[Black "otrov-11"]
[Result "0-1"]
[WhiteElo "2006"]
[BlackElo "2380"]
[TimeControl "180+1"]
[EndTime "10:21:00 PDT"]
[Termination "otrov-11 won on time"]

1. d4 Nf6 2. Bg5 Ne4 3. Bf4 c5 4. f3 Nf6 5. dxc5 Qa5+ 6. Qd2 Qxc5 7. e4 d6 8. Nc3 a6 9. O-O-O Nc6 10. Na4 Qb4 11.
Qxb4 Nxb4 12. Nb6 Rb8 13. e5 Nh5 14. exd6 Nxf4 15. Nxc8 exd6 16. Nxd6+ Bxd6 17. Rxd6 Nc6 18. g3 Ne6 19. Nh3 Ke7 20. Rd2 Rhc8 21. Bg2 Ncd4 22. c3 b5 23. Kb1 Nc6 24. Rhd1 b4 25. Rd7+ Kf8 26. cxb4 Rxb4 27. a3 Rb3 28. Ka2 Rcb8 29.
R1d2 Ne5 30. R7d6 Nc4 31. Nf4 Nxf4 32. Rd8+ Rxd8 33. Rxd8+ Ke7 34. Kxb3 Nxg2 35. Ra8 Nd2+ 36. Kc2 Nxf3 37. Rxa6 Nxh2 38. b4 Ne3+ 39. Kd3 Nd5 40. b5 Ng4 41. b6 Kd7 42. a4 Kc6 43. Ra7 Nxb6 44. a5 Nd7 45. Ke4 Ngf6+ 46. Kf5 Kb5 47. Rc7 Kxa5 48. Rc8 Kb6 49. Rh8 h5 50. g4 hxg4 51.
Rh1 Kc6 52. Rg1 Kd6 53. Rd1+ Ke7 54. Rg1 g6+ 55. Kf4 Nf8 56. Re1+ Ne6+ 57. Kg3 Kf8 58. Rf1 Kg7 59. Re1 Ng5 60. Ra1 Nge4+ 61. Kg2 g3 62. Ra4 Nd6 63. Rd4 Nf5 64. Rf4 Nh5 65. Ra4 Kf6 66.
Kf3 Kg5 67. Rg4+ Kh6 68. Ra4 Nfg7 69. Rg4 f5 70. Rh4 Kg5 71. Ra4 f4 72. Kg2 Nf5 73. Kf3 Nf6 74. Rxf4 g2 75. Rxf5+ gxf5 76. Kxg2 Kf4 77.
Kf2 Ne4+ 78. Kf1 Kf3 79. Ke1 Kg2 80. Ke2 f4 81. Kd3 f3 82. Kxe4 f2 83. Ke5 f1=Q 84.
Ke4 Qf3+ 85. Ke5 Kg3 86. Kd4 Qf4+ 0-1

[Event "*** Titled Tuesday Blitz"]
[Site "Chess.com"]
[Date "2020.04.21"]
[Round "2"]
[White "mishanick"]
[Black "Semen_Khanin"]
[Result "1/2-1/2"]
[WhiteElo "3054"]
[BlackElo "2619"]
[TimeControl "180+1"]
[EndTime "10:21:10 PDT"]
[Termination "Game drawn by stalemate"]

1. d4 Nf6 2. c4 e6 3. Nf3 Bb4+ 4. Nbd2 O-O 5. a3 Be7 6. e4 d6 7. Be2 Nfd7 8. b4 e5 9. d5 a5 10. Bb2 c6 11. O-O cxd5 12. cxd5 axb4 13. axb4 Rxa1 14. Qxa1 Na6 15. Qa3 Nb6 16. Nc4 Nxc4 17. Bxc4 Qb6 18. Bc3 Bd7 19. b5 Nc5 20. Ba5 Qa7 21. b6 Qa8 22. Re1 Rc8 23. Bf1 g6 24. Bb4 Qxa3 25. Bxa3 Bf8 26. Nd2 Ra8 27. Nc4 Ra4 28. Bxc5 dxc5 29.
Nxe5 Be8 30. Nc4 Bb5 31. Nb2 Rb4 32. Bxb5 Rxb5 33. Nc4 Rb4 34. Ne5 Rxb6 35. Nd7 Rb2 36. e5 c4 37. Rc1 b5 38. Kf1 Rd2 39. d6 Bh6 40. Ra1 Kg7 41. Nf6 Bf4 42. d7 Bxe5 43.
Ne8+ Kh6 44. Re1 Bf4 45. Re7 Bg5 46. Rxf7 c3 47. Rf3 c2 48. Rh3+ Bh4 49. Rxh4+ Kg5 50.
Re4 c1=Q+ 51. Re1 Rd1 52. d8=Q+ Rxd8 53. Rxc1 Rxe8 54. Rc5+ Kf6 55. Rxb5 h5 56. h4 Re6 57. f3 Ra6 58. Kf2 Ra2+ 59. Kg3 Ra4 60. Rc5 Rb4 61.
Rc8 Ra4 62. Rf8+ Kg7 63. Rf4 Ra2 64. Re4 Rb2 65. Kh3 Kf6 66. Rc4 Ra2 67. Kh2 Rb2 68. Kg1 Ra2 69. Kf1 Rb2 70. Re4 Ra2 71. Re2 Ra4 72.
g3 Ra3 73. Kf2 Rb3 74. Rd2 Ra3 75. Ke2 Rb3 76. Rd3 Rb4 77. Ke3 Ra4 78. Rd4 Ra5 79. Re4 Rb5 80. Rc4 Ra5 81. Ke4 Re5+ 82. Kd4 Re1 83.
Rc6+ Kf5 84. Rc5+ Kf6 85. Rg5 Re8 86. f4 Re1 87. Kd3 Ra1 88. Ke4 Ra4+ 89. Kf3 Ra3+ 90. Kg2 Ra2+ 91. Kh3 Rb2 92. f5 gxf5 93. Rxh5 Rb3 94.
Rh8 Kg7 95. Rh5 f4 96. Rg5+ Kh6 97. Kg4 Rxg3+ 98. Kxf4 Rxg5 99. hxg5+ Kg6 100. Kg4 Kg7 101. Kf5 Kf7 102. g6+ Kg7 103. Kg5 Kg8 104. Kh6 Kh8 105. g7+ Kg8 106. Kg6 1/2-1/2

[Event "*** Titled Tuesday Blitz"]
[Site "Chess.com"]
[Date "2020.04.21"]
[Round "3"]
[White "lestri"]
[Black "AniJak"]
[Result "1-0"]
[WhiteElo "2535"]
[BlackElo "2261"]
[TimeControl "180+1"]
[EndTime "10:22:53 PDT"]
[Termination "lestri won by resignation"]

1. c4 e5 2. Nc3 Nc6 3. Nf3 g6 4. d4 exd4 5. Nxd4 Bg7 6. Nxc6 bxc6 7. g3 Ne7 8. Bg2 O-O 9. O-O Rb8 10. Qa4 d6 11. c5 d5 12. Rd1 Bg4 13. Qxg4 1-0

[Event "*** Titled Tuesday Blitz"]
[Site "Chess.com"]
[Date "2020.04.21"]
[Round "3"]
[White "JakeCarlosBanawa"]
[Black "Ariadna_Atreides"]
[Result "1-0"]
[WhiteElo "2320"]
[BlackElo "2048"]
[TimeControl "180+1"]
[EndTime "10:23:14 PDT"]
[Termination "JakeCarlosBanawa won by resignation"]

1. d4 e6 2. c4 Bb4+ 3. Bd2 Qe7 4. Nf3 b6 5. g3 Bb7 6. Bg2 Bxd2+ 7. Qxd2 Nf6 8. Nc3 O-O 9. O-O d6 10. Qc2 h6 11. d5 1-0

[Event "*** Titled Tuesday Blitz"]
[Site "Chess.com"]
[Date "2020.04.21"]
[Round "3"]
[White "pgradalski"]
[Black "stasiek18"]
[Result "0-1"]
[WhiteElo "2201"]
[BlackElo "2421"]
[TimeControl "180+1"]
[EndTime "10:23:22 PDT"]
[Termination "stasiek18 won by resignation"]

1. e4 g6 2. d4 Bg7 3. Nc3 a6 4.
Be3 b5 5. a3 Bb7 6. Qd2 d6 7.
h4 h6 8. Bd3 Nd7 9. O-O-O c5 10.
f4 cxd4 11. Nce2 dxe3 0-1

[Event "*** Titled Tuesday Blitz"]
[Site "Chess.com"]
[Date "2020.04.21"]
[Round "3"]
[White "karinachess1"]
[Black "MilanJeremic"]
[Result "1-0"]
[WhiteElo "2467"]
[BlackElo "2239"]
[TimeControl "180+1"]
[EndTime "10:23:31 PDT"]
[Termination "karinachess1 won by resignation"]

1. Nf3 d5 2. c4 c6 3. d4 Nf6 4. e3 e6 5. Bd3 Bd6 6. Nbd2 O-O 7. O-O Re8 8. e4 dxe4 9. Nxe4 Nxe4 10. Bxe4 Nd7 11.
Bc2 Nf8 12. Re1 Bd7 13. b3 Qf6 14. Bg5 1-0

[Event "*** Titled Tuesday Blitz"]
[Site "Chess.com"]
[Date "2020.04.21"]
[Round "3"]
[White "PavlovDanila"]
[Black "Vice64"]
[Result "1-0"]
[WhiteElo "2758"]
[BlackElo "2526"]
[TimeControl "180+1"]
[EndTime "10:23:39 PDT"]
[Termination "PavlovDanila won by resignation"]

1. e4 c5 2. Nf3 a6 3. d4 cxd4 4. Nxd4 e5 5. Nb3 Nf6 6. Nc3 Bb4 7. Bg5 O-O 8. Bc4 h6 9. Bxf6 Qxf6 10. O-O Bxc3 11. bxc3 d6 12. Bd5 Nc6 13. Qd3 Be6 14. Bxc6 Bxb3 15. Bxb7 Rab8 16. axb3 Rxb7 17. Rxa6 Rd8 18.
Rd1 Rbd7 19. c4 Qe7 20. Ra5 g6 21. Rd5 f5 22. exf5 gxf5 23. Qxf5 Rf8 24. Qg6+ 1-0

[Event "*** Titled Tuesday Blitz"]
[Site "Chess.com"]
[Date "2020.04.21"]
[Round "3"]
[White "Trankuilizer"]
[Black "Incognito_Knight"]
[Result "0-1"]
[WhiteElo "2502"]
[BlackElo "2730"]
[TimeControl "180+1"]
[EndTime "10:23:52 PDT"]
[Termination "Incognito_Knight won by resignation"]

1. e4 c5 2. c3 d5 3. exd5 Nf6 4. d4 Nxd5 5. Nf3 cxd4 6. c4 Nb4 7. a3 N4c6 8. b4 Bg4 9. h3 Bxf3 10. Qxf3 e6 11. b5 Na5 12. Nd2 Nd7 13. Qxb7 Nxb7 0-1

[Event "*** Titled Tuesday Blitz"]
[Site "Chess.com"]
[Date "2020.04.21"]
[Round "3"]
[White "Grandmaster2B"]
[Black "LordIron"]
[Result "1-0"]
[WhiteElo "2538"]
[BlackElo "2267"]
[TimeControl "180+1"]
[EndTime "10:24:05 PDT"]
[Termination "Grandmaster2B won by resignation"]

1. e4 c5 2. Nf3 d6 3. d4 Nf6 4. Nc3 cxd4 5. Nxd4 a6 6. f3 e5 7. Nb3 Be6 8. Be3 Nbd7 9. Qd2 b5 10. O-O-O Nb6 11. Qf2 Nc4 12. Bxc4 bxc4 13. Na5 Nd7 14. Nc6 Qc7 15. Nb4 Rb8 16. Nxa6 1-0

[Event "*** Titled Tuesday Blitz"]
[Site "Chess.com"]
[Date "2020.04.21"]
[Round "3"]
[White "YaWaleriy"]
[Black "tacticthunder"]
[Result "0-1"]
[WhiteElo "2247"]
[BlackElo "2623"]
[TimeControl "180+1"]
[EndTime "10:24:16 PDT"]
[Termination "tacticthunder won by resignation"]

1. d4 Nf6 2. c4 e6 3. Nf3 Bb4+ 4. Nbd2 O-O 5. e3 d6 6. Bd3 Qe7 7. O-O Bxd2 8. Nxd2 e5 9. e4 exd4 10. b4 c5 11. b5 Re8 12. f4 Nbd7 13. h3 Nf8 14. Qc2 Ng6 15. a4 Bd7 16. Bb2 Nh5 17. f5 Ne5 18.
Rae1 Qh4 19. Nf3 Nxf3+ 20. Rxf3 Qxe1+ 0-1

[Event "*** Titled Tuesday Blitz"]
[Site "Chess.com"]
[Date "2020.04.21"]
[Round "3"]
[White "Swarnapuri"]
[Black "LucaBrasi1968"]
[Result "1-0"]
[WhiteElo "2715"]
[BlackElo "2497"]
[TimeControl "180+1"]
[EndTime "10:24:25 PDT"]
[Termination "Swarnapuri won by resignation"]

1. d4 f5 2. Bf4 Nf6 3. e3 e6 4. Nf3 Be7 5. Be2 O-O 6. h3 d6 7. O-O Nc6 8. a4 a5 9. c3 Qe8 10. Nbd2 Bd8 11. Bh2 b6 12. Bb5 Bd7 13. Qe2 Ne7 14.
e4 Bxb5 15. axb5 fxe4 16. Nxe4 Ned5 17. c4 Nb4 18. Rfe1 h6 19. Nxf6+ Rxf6 20. Qe4 Be7 21. Re2 Qd7 22. Qxa8+ 1-0

[Event "*** Titled Tuesday Blitz"]
[Site "Chess.com"]
[Date "2020.04.21"]
[Round "3"]
[White "LikeWater"]
[Black "OparinGrigoriy"]
[Result "0-1"]
[WhiteElo "2660"]
[BlackElo "2906"]
[TimeControl "180+1"]
[EndTime "10:24:34 PDT"]
[Termination "OparinGrigoriy won by resignation"]

1. e4 e5 2. Nf3 Nc6 3. Bc4 Nf6 4. d3 h6 5. c3 g5 6. O-O Bg7 7. Nbd2 d6 8. Re1 g4 9. Nh4 Nxe4 10. Nxe4 Qxh4 11. d4 O-O 12. dxe5 Nxe5 13. Bf1 f5 14. Ng3 f4 15. Ne4 Be6 16. Bxf4 Rxf4 17. g3 Rxe4 18.
gxh4 Rxe1 0-1

[Event "*** Titled Tuesday Blitz"]
[Site "Chess.com"]
[Date "2020.04.21"]
[Round "3"]
[White "inegrepus"]
[Black "Chess_Boxer123"]
[Result "0-1"]
[WhiteElo "2272"]
[BlackElo "2540"]
[TimeControl "180+1"]
[EndTime "10:24:38 PDT"]
[Termination "Chess_Boxer123 won by checkmate"]

1. d4 d5 2. c4 c6 3. Nf3 Nf6 4.
e3 e6 5. Nbd2 Nbd7 6. Bd3 Bd6 7.
O-O O-O 8. Re1 e5 9. cxd5 Nxd5 10. dxe5 Nxe5 11. Nxe5 Bxe5 12. Nf3 Bg4 13. Qc2 Bxf3 14.
Bxh7+ Kh8 15. gxf3 g6 16. f4 Bxf4 17. exf4 Kxh7 18.
f5 Qh4 19. fxg6+ fxg6 20. Be3 Rae8 21. Bc5 Qg4+ 22. Kh1 Qf3+ 23. Kg1 Nf4 24. Rxe8 Qg2# 0-1

[Event "*** Titled Tuesday Blitz"]
[Site "Chess.com"]
[Date "2020.04.21"]
[Round "3"]
[White "ApacheSVD"]
[Black "olomi007"]
[Result "0-1"]
[WhiteElo "2419"]
[BlackElo "2657"]
[TimeControl "180+1"]
[EndTime "10:24:57 PDT"]
[Termination "olomi007 won by resignation"]

1. e4 c5 2. Nf3 d6 3. d4 cxd4 4. Nxd4 Nf6 5. Nc3 g6 6. Be3 Bg7 7. f3 Nc6 8. Qd2 O-O 9. O-O-O d5 10. Kb1 Qd7 11. exd5 Nxd5 12. Nxd5 Qxd5 13. Nxc6 Qxc6 14. h4 Bf5 15. g4 Rad8 16. Qxd8 Qxc2+ 0-1

[Event "*** Titled Tuesday Blitz"]
[Site "Chess.com"]
[Date "2020.04.21"]
[Round "3"]
[White "RovenVogel"]
[Black "IljaJoke"]
[Result "1-0"]
[WhiteElo "2691"]
[BlackElo "2492"]
[TimeControl "180+1"]
[EndTime "10:25:09 PDT"]
[Termination "RovenVogel won by resignation"]

1. d4 Nf6 2. c4 c5 3. Nf3 cxd4 4. Nxd4 e5 5. Nb5 d5 6. cxd5 Bc5 7. N5c3 O-O 8. g3 Qb6 9. e3 Bf5 10. Bg2 Nbd7 11.
O-O e4 12. Nd2 Rfe8 13. Nc4 Qa6 14. Qb3 Bf8 15. Qb5 Qxb5 16. Nxb5 Nxd5 17. Ncd6 Re5 18. Nxf5 Rxf5 19. Bxe4 Re5 20. Bxd5 Rxd5 21. Nc7 Rc5 22.
Nxa8 Rc8 23. Bd2 Rxa8 24. Rac1 Ne5 25. Kg2 b5 26. Bc3 Nc4 27. Rfd1 a5 28. Rd5 Rb8 29. b3 1-0